 Dungeon Crawl Stone Soup version 0.25.0-9-g26727b657a (webtiles) character file.

Game seed: 6628275056971748624

369 Esekla the Vexing (level 6, 0/46 HPs)
             Began as a Demonspawn Enchanter on June 21, 2020.
             Was an Initiate of Qazlal.
             Slain by a centaur (7 damage)
             ... on level 5 of the Dungeon.
             The game lasted 00:23:21 (4448 turns).

Esekla the Vexing (Demonspawn Enchanter)            Turns: 4448, Time: 00:23:22

Health: 0/46       AC:  5    Str:  8    XL:     6   Next: 41%
Magic:  9/9        EV: 13    Int: 18    God:    Qazlal [......]
Gold:   237        SH:  0    Dex: 14    Spells: 3/10 levels left

rFire    . . .     SeeInvis .   m - +1 spear (venom)
rCold    . . .     Gourm    .   (no shield)
rNeg     . . .     Faith    .   b - +0 robe
rPois    .         Spirit   .   (no helmet)
rElec    .         Reflect  .   (no cloak)
rCorr    .         Harm     .   l - +0 pair of gloves
MR       .....                  (no boots)
Stlth    ++........             (no amulet)
HPRegen  0.15/turn              (no ring)
MPRegen  0.11/turn              (no ring)

@: no status effects
A: claws 1, yellow scales 1, demonic guardian 1
a: Renounce Religion


You were on level 5 of the Dungeon.
You worshipped Qazlal.
Qazlal was noncommittal.
You were hungry.

You visited 2 branches of the dungeon, and saw 6 of its levels.

You collected 237 gold pieces.

Inventory:

Hand Weapons
 a - a +1 dagger
 m - a +1 spear of venom (weapon)
 s - a +0 falchion
Armour
 b - a +0 robe (worn)
 g - a +4 ring mail of fire resistance
 l - a +0 pair of gloves (worn)
 n - a +0 buckler
Scrolls
 c - 2 scrolls of teleportation {unknown}
 e - a scroll of noise {unknown}
 h - a scroll of fog {unknown}
 k - 2 scrolls of magic mapping {unknown}
 q - 2 scrolls of immolation {unknown}
 r - a scroll of identify {unknown}
 t - a scroll of amnesia {unknown}
 u - 3 scrolls of remove curse {unknown}
 w - a scroll of fear {unknown}
Potions
 f - a potion of cancellation {unknown}
 i - 5 potions of curing {unknown}
 j - a potion of haste {unknown}
 o - a potion of resistance {unknown}
 p - a potion of berserk rage {unknown}
Comestibles
 d - 5 rations


   Skills:
 + Level 2.7 Fighting
 + Level 2.3 Short Blades
 + Level 2.0 Polearms
 - Level 0.4 Armour
 + Level 2.3 Dodging
 - Level 2.6 Stealth
 + Level 0.5 Shields
 * Level 2.5 Spellcasting
 * Level 1.1 Conjurations
 + Level 3.0 Hexes
 * Level 0.6 Translocations
 * Level 2.1 Air Magic
 * Level 1.1 Poison Magic


You had 3 spell levels left.
You knew the following spells:

 Your Spells              Type           Power        Failure   Level  Hunger
a - Magic Dart            Conj           #...         11%         1    #......
b - Blink                 Tloc           N/A          21%         2    ##.....
c - Mephitic Cloud        Conj/Pois/Air  #.......     28%         3    ###....
i - Corona                Hex            ##.....      4%          1    #......

Your spell library contained the following spells:

 Spells                   Type           Power        Failure   Level  Hunger
 Slow                     Hex            ##......     8%          2    ##.....
 Ensorcelled Hibernation  Hex/Ice        #.....       14%         2    ##.....
 Confusing Touch          Hex            ##......     16%         3    ###....
 Tukima's Dance           Hex            ##......     16%         3    ###....
 Dazzling Flash           Conj/Hex       #.....       22%         3    ###....
 Call Imp                 Summ           #.......     26%         2    ##.....
 Conjure Flame            Conj/Fire      #.......     38%         3    ###....


Dungeon Overview and Level Annotations

Branches:
Dungeon (5/15)             Temple (1/1) D:4

Altars:
Ashenzari
Cheibriados
Dithmenos
Elyvilon
Fedhas
Hepliaklqana
Kikubaaqudgha
Makhleb
Qazlal
Ru
Trog
Uskayaw
Xom
Yredelemnul
The Shining One

Shops:
D:4 *

Annotations:
D:3 Grinder


Innate Abilities, Weirdness & Mutations

You have sharp fingernails.
You are partially covered in yellow scales. (AC +2)
A weak demonic guardian rushes to your aid.


Message History

The orc is heavily wounded.
The orc completely misses you.
You hit the orc.
The orc is almost dead.
The centaur shoots an arrow.
The arrow hits you!
Your iron imp barely misses the orc.
The orc closely misses you.
The centaur shoots an arrow.
The arrow hits you.
Your iron imp hits the orc!
The orc dies!
Qazlal accepts your kill.
The centaur shoots an arrow.
The arrow hits you!
* * * LOW HITPOINT WARNING * * *
You see here 2 arrows.
The centaur shoots an arrow.
The arrow hits you but does no damage.
You see here an arrow.
The centaur unwields a +0 shortbow.
The centaur closely misses you.
You hit the centaur but do no damage.
The centaur is poisoned.
The centaur hits you.
* * * LOW HITPOINT WARNING * * *
Your iron imp hits the centaur!
The centaur hits you!
You die...

.. ###. ##... #......##
#.. #...#########
#.####.......(..#
##.#....5c.......##
#...#....@5.......#
####...#.....(.......##
##..#.(.......)((......#
##......<.......(.......##
#.....#...................
#.....##..................
#......##.................
#......###................
#.......###...............


You could see a centaur (poisoned) and 2 friendly iron imps.

Vanquished Creatures
  A crimson imp (D:5)
  A hound (D:5)
  A centaur skeleton (D:4)
  Jessica (D:3)
  2 worker ants (D:4)
  10 adders
  2 oozes
  2 worms
  2 dart slugs (D:4)
  6 goblins
  4 hobgoblins
  4 jackals (D:1)
  4 kobolds
  3 ball pythons
  4 bats
  2 frilled lizards
  4 rats
53 creatures vanquished.

Vanquished Creatures (collateral kills)
  An ogre (D:4)
  An adder (D:4)
  An orc (D:5)
3 creatures vanquished.

Grand Total: 56 creatures vanquished

Notes
Turn   | Place    | Note
-------+----------+-------------------------------------------
     0 | D:1      | Esekla the Demonspawn Enchanter began the quest for the
                  | Orb.
     0 | D:1      | Reached XP level 1. HP: 13/13 MP: 3/3
   142 | D:1      | Reached skill level 1 in Fighting
   142 | D:1      | Reached skill level 1 in Short Blades
   142 | D:1      | Gained mutation: You have sharp fingernails. [demonic
                  | ancestry]
   142 | D:1      | Reached XP level 2. HP: 12/21 MP: 5/5
  1042 | D:1      | HP: 1/21 [jackal (1)]
  1365 | D:1      | Gained mutation: You are partially covered in yellow
                  | scales. (AC +2) [demonic ancestry]
  1365 | D:1      | Reached XP level 3. HP: 27/27 MP: 6/6
  1873 | D:3      | Noticed Jessica
  1881 | D:3      | Killed Jessica
  2007 | D:3      | Gained mutation: A weak demonic guardian rushes to your
                  | aid. [demonic ancestry]
  2007 | D:3      | Reached XP level 4. HP: 33/33 MP: 7/7
  2192 | D:3      | Learned a level 1 spell: Magic Dart
  2195 | D:3      | Learned a level 2 spell: Blink
  2199 | D:3      | Learned a level 3 spell: Mephitic Cloud
  2490 | D:3      | Noticed Grinder
  3019 | D:4      | Reached skill level 1 in Polearms
  3119 | D:4      | Reached XP level 5. HP: 39/39 MP: 8/8
  3120 | D:4      | Found a staircase to the Ecumenical Temple.
  3126 | D:4      | Found a snail-covered altar of Cheibriados.
  3151 | Temple   | Entered the Ecumenical Temple
  3354 | Temple   | Became a worshipper of Qazlal Stormbringer
  3390 | D:4      | Found Baehez's Serpentskin Sales.
  3497 | D:4      | Reached skill level 1 in Air Magic
  3615 | D:4      | Noticed an ogre
  3622 | D:4      | Killed an ogre
  3622 | D:4      | Reached XP level 6. HP: 38/46 MP: 9/9
  3825 | D:4      | Reached skill level 1 in Conjurations
  4317 | D:5      | Entered Level 5 of the Dungeon
  4323 | D:5      | Reached skill level 1 in Poison Magic
  4448 | D:5      | Slain by a centaur

Illustrated notes

Levels and vault maps discovered:
D:1:      wheals_arrival_linesprint, layout_basic, minmay_misc_feat_rows
D:2:      layout_basic
D:3:      layout_basic, uniq_jessica, uniq_grinder
D:4:      layout_gridville, kennysheep_slug_shrine,
          minmay_temple_entry_drinking_statues, guppyfry_shop_venom
D:5:      cheibrodos_fzero, layout_cave_pods, first_ration, basic_altar
Temple:   dpeg_chambers_temple

Skill      XL: |  1  2  3  4  5  6 |
---------------+-------------------+-----
Fighting       | 1 2 |  2.7
Short Blades   | 1 2 |  2.3
Dodging        | 2 |  2.3
Polearms       | 1 2 |  2.0
Air Magic      | 1 2 |  2.1
Conjurations   | 1 |  1.1
Poison Magic   | 1 |  1.1
Armour         | |  0.4
Stealth        | |  2.6
Shields        | |  0.5
Spellcasting   | |  2.5
Hexes          | |  3.0
Translocations | |  0.6

Action                   |  1- 3 |  4- 6 || total
-------------------------+-------+-------++-------
Melee: Dagger            |    90 |       ||    90
       Spear             |     9 |    90 ||    99
 Cast: Magic Dart        |       |     3 ||     3
       Mephitic Cloud    |       |     1 ||     1
 Stab: Sleeping          |     4 |     4 ||     8
       Confused          |       |     2 ||     2
  Eat: Ration            |     1 |     1 ||     2
       Chunk             |       |     4 ||     4
Armor: Robe              |     8 |    15 ||    23
       Ring mail         |     1 |     3 ||     4
Dodge: Dodged            |    54 |    50 ||   104
Block: Buckler           |     1 |     1 ||     2
